 Dungeon Crawl Stone Soup version 0.27-a0-1202-ge72e49191c (webtiles) character file.

Game seed: 12417045096283784369

60 streetpizza the Skirmisher (level 4, 0/55 HPs)
             Began as a Formicid Abyssal Knight on June 4, 2021.
             Was a Believer of Lugonu.
             Splashed by a jelly's acid (2 damage)
             ... on level 3 of the Dungeon.
             The game lasted 00:05:03 (1951 turns).

streetpizza the Skirmisher (FoAK)                   Turns: 1951, Time: 00:05:03

Health: 0/55       AC: 18    Str: 17    XL:     4   Next: 25%
Magic:  6/6        EV:  2    Int: 12    God:    Lugonu [**....]
Gold:   113        SH:  0    Dex: 10    Spells: 3/3 levels left

rFire    . . .     SeeInvis .   a - +1 hand axe
rCold    . . .     Faith    .   (no shield)
rNeg     + + +     Spirit   .   (armour currently unavailable)
rPois    +         Reflect  .   (helmet unavailable)
rElec    .         Harm     .   (cloak currently unavailable)
rCorr    .         Rampage  .   (gloves currently unavailable)
Will     .....                  (boots currently unavailable)
Stlth    +.........             (no amulet)
HPRegen  0.18/turn              (no ring)
MPRegen  0.10/turn              (no ring)

@: tree-form, corroded
A: stationary, stasis, torment immunity, boosted hp, permanent stasis, dig
shafts and tunnels, (antennae 3), four strong arms
a: Renounce Religion, Depart the Abyss, Bend Space


You were on level 3 of the Dungeon.
You worshipped Lugonu.
Lugonu was pleased with you.
You were a tree.
You visited 1 branch of the dungeon, and saw 3 of its levels.
You visited the Abyss 1 time.

You collected 113 gold pieces.

Inventory:

Hand Weapons
 a - a +1 hand axe (weapon)
 l - a +2 dagger of venom
Armour
 b - a +0 leather armour
 d - a +0 pair of boots (melded)
 i - a +0 plate armour (melded)
Jewellery
 j - an amulet of reflection
 n - a ring of fire
Scrolls
 c - 3 scrolls of identify {unknown}
 e - 3 scrolls of magic mapping {unknown}
 g - 3 scrolls of teleportation {unknown}
 k - a scroll of noise {unknown}
 o - a scroll of fog {unknown}
 p - a scroll of amnesia {unknown}
Potions
 f - a potion of mutation {unknown}
 h - a potion of curing {unknown}
 q - a potion of heal wounds {unknown}
 r - 2 potions of flight {unknown}


   Skills:
 + Level 3.9 Fighting
 + Level 2.6 Axes
 + Level 3.0 Armour
 - Level 0.8 Dodging
 + Level 3.0 Invocations


You had 3 spell levels left.
You didn't know any spells.
Your spell library was empty.

Dungeon Overview and Level Annotations

Branches:
Dungeon (3/15)

Altars:


Innate Abilities, Weirdness & Mutations

You are a tree.
Your roots penetrate the ground, keeping you stationary.
You cannot be teleported.
You are immune to unholy pain and torment.
Your maximum health is greatly increased.
Your equipment is partially melded.
You cannot be hasted, slowed, berserked, paralysed or teleported.
You can dig through walls and to a lower floor.
((You have a pair of large antennae on your head. (SInv)))
Your four strong arms can wield two-handed weapons with a shield.


Message History

You hit the hobgoblin.
You kill the hobgoblin!
Lugonu accepts your kill.
You see here a hobgoblin corpse.
You closely miss the kobold. You hit the frilled lizard.
You kill the frilled lizard!
Lugonu accepts your kill. The kobold hits you with a +0 club.
Your Armour skill increases to level 3!
You closely miss the kobold. The kobold hits you but does no damage.
You closely miss the kobold. The kobold hits you but does no damage.
You hit the kobold.
The kobold is heavily wounded.
The kobold barely misses you. The kobold completely misses you.
You hit the kobold.
You kill the kobold!
Lugonu accepts your kill.
Things that are here:
a +0 club; 3 stones; a kobold corpse HP restored.
You hear a distant slurping noise.
A jelly comes into view.
The jelly quivers.
You hit the jelly.
Your hands burn!
The jelly is lightly wounded.
The jelly hits you. The acid corrodes you!
You are splashed with acid!
You hit the jelly.
Your hands burn!
The jelly is moderately wounded.
The jelly hits you.
You are splashed with acid!
* * * LOW HITPOINT WARNING * * *
You hit the jelly.
Your hands burn!
* * * LOW HITPOINT WARNING * * *
The jelly is heavily wounded.
The jelly hits you but does no damage.
It was a potion of lignification.
You turn into a tree.
Your +0 pair of boots melds into your body.
Your +0 plate armour melds into your body.
Your roots penetrate the ground.
The jelly hits you but does no damage.
You hit the jelly.
Your branches burn!
You die...

#..... ... .....
.... .... # #.. ...
.# #.####.###.###
#.............
#####............
.........♣J......
#######.$..........
...................
#######.##..#.#+###
................
########.#..#.#.#
#....#.#.# ##...# #
# #...#


You could see a jelly.

Vanquished Creatures
  An adder (D:2)
  A worm (D:2)
  A dart slug (D:1)
  6 bats
  4 endoplasms (D:1)
  2 giant cockroaches
  2 goblins (D:2)
  5 hobgoblins
  2 jackals (D:1)
  5 kobolds
  2 quokkas
  4 ball pythons
  A frilled lizard (D:3)
  3 rats
39 creatures vanquished.

Notes
Turn   | Place    | Note
-------+----------+-------------------------------------------
     0 | Abyss:1  | streetpizza the Formicid Abyssal Knight began the quest for
                  | the Orb.
     0 | Abyss:1  | Reached XP level 1. HP: 18/18 MP: 2/2
    15 | D:1      | Escaped the Abyss
   131 | D:1      | Reached XP level 2. HP: 17/24 MP: 3/3
   732 | D:1      | Reached XP level 3. HP: 29/29 MP: 4/4
   744 | D:1      | Reached ** piety under Lugonu
  1441 | D:2      | Reached XP level 4. HP: 37/37 MP: 6/6
  1949 | D:3      | HP: 1/37 [acid (5)]
  1951 | D:3      | Splashed by a jelly's acid

Illustrated notes

Levels and vault maps discovered:
D:1:      minmay_arrival_five_plusses, layout_basic
D:2:      layout_loops_ring
D:3:      layout_basic, hellmonk_ecumenical_altar_dog_temple, uniq_grinder

Skill      XL: |  1  2  3  4 |
---------------+-------------+-----
Invocations    | 3 |  3.0
Armour         | 3 |  3.0
Fighting       | |  3.9
Axes           | |  2.6
Dodging        | |  0.8

Action                   |  1- 3 |  4- 6 || total
-------------------------+-------+-------++-------
Melee: Hand axe          |    86 |    18 ||   104
       Dagger            |       |    10 ||    10
 Abil: Dig               |     1 |       ||     1
  Use: Potion            |       |     1 ||     1
Armor: Leather armour    |    21 |       ||    21
       Plate armour      |    23 |    11 ||    34
       Skin              |       |     1 ||     1
Dodge: Dodged            |    52 |     7 ||    59

Table legend: (Time is in decaauts)
 A = Elapsed time spent in this place.
 B = Non-inter-level travel time spent in this place.
 C = Inter-level travel time spent in this place.
 D = Time resting spent in this place.
 E = Time spent auto-exploring this place.
 F = Levels seen in this place.
 G = Mean time per level.
                   A        B        C        D        E       F      G
               +--------+--------+--------+--------+--------+-----+--------+
         Total |   1970 |   1929 |     41 |      0 |   1570 |   4 |  492.5 |
       Dungeon |   1955 |   1914 |     41 |      0 |   1569 |   3 |  651.7 |
         Abyss |     15 |     15 |      0 |      0 |      1 |   1 |   15.0 |
               +--------+--------+--------+--------+--------+-----+--------+

Top non-repeatable levels by time:
     D:1: 1141 daAuts
     D:2: 745 daAuts
     D:3: 67 daAuts
 Abyss:1: 15 daAuts
